 Dungeon Crawl Stone Soup version 0.31.0-9-g3a7656b989 (webtiles) character file.

Game seed: 12711720026276818663

378 qw the Skirmisher (level 6, -3/35 HPs)
             Began as a Deep Elf Hunter on Feb 2, 2024.
             Incinerated by a bombardier beetle (6 damage)
             ... with a burning spray
             ... on level 5 of the Dungeon.
             The game lasted 00:00:14 (4002 turns).

qw the Skirmisher (Deep Elf Hunter)                 Turns: 4002, Time: 00:00:15

Health: -3/35      AC: 11    Str: 10    XL:     6   Next: 45%
Magic:  8/8        EV: 16    Int: 14    God:
Gold:   129        SH:  0    Dex: 18    Spells: 5/5 levels left

rFire   . . .        a - +1 shortbow
rCold   . . .        (shield currently unavailable)
rNeg    . . .        q - +0 ring mail
rPois   .            h - +2 helmet
rElec   .            r - +0 cloak
rCorr   .            (no gloves)
SInv    .            b - +1 pair of boots
Will    .....        g - amulet of faith
Stlth   +            t - +5 ring of evasion
HPRegen 0.25/turn    (no ring)
MPRegen 0.11/turn

%: faith
@: on fire, glowing
A: no striking features
a: no special abilities


You were on level 5 of the Dungeon.
You visited 1 branch of the dungeon, and saw 5 of its levels.

You collected 173 gold pieces.
You spent 44 gold pieces at shops.


   Skills:
 - Level 2.0 Fighting
 + Level 9.8 Ranged Weapons
 - Level 1.1 Armour
 - Level 2.4 Dodging
 - Level 1.2 Stealth


You had 5 spell levels left.
You didn't know any spells.
Your spell library was empty.

Inventory:

Hand Weapons
 a - a +1 shortbow (weapon)
Armour
 b - a +1 pair of boots (worn)
 h - a +2 helmet (worn)
 q - a +0 ring mail (worn)
 r - a +0 cloak (worn)
Jewellery
 c - an amulet of the acrobat
 g - an amulet of faith (around neck)
 t - a +5 ring of evasion (left hand)
Wands
 k - a wand of polymorph (13)
Scrolls
 f - 2 scrolls of teleportation
Potions
 d - 2 potions of mutation
 i - a potion of haste
 j - a potion of might
 m - 2 potions of curing
 n - a potion of lignification {unknown}
 o - a potion of heal wounds {unknown}
 s - a potion of degeneration {unknown}

Dungeon Overview and Level Annotations

Branches:
Dungeon (5/15)
 Temple: D:4-7

Altars:
Gozag
Nemelex Xobeh

Shops:
D:3 !


Message History

You shoot an arrow. The arrow hits the bombardier beetle.
The bombardier beetle is severely wounded.
You shoot an arrow.
The arrow hits the bombardier beetle but does no damage.
The bombardier beetle is severely wounded.
The bombardier beetle sprays incendiary fluid at you.
The burning spray hits you.
You are covered in liquid fire!
You shoot an arrow.
The arrow hits the bombardier beetle but does no damage.
The bombardier beetle is severely wounded.
The liquid fire burns you!
You shoot an arrow. The arrow hits the bombardier beetle.
The bombardier beetle is almost dead.
The liquid fire burns you!
You shoot an arrow.
The arrow closely misses the bombardier beetle.
The liquid fire burns you!
The bombardier beetle sprays incendiary fluid at you.
The burning spray hits you.
You are even more covered in liquid fire!
You shoot an arrow.
The arrow hits the bombardier beetle but does no damage.
The bombardier beetle is almost dead.
The liquid fire burns you!
The bombardier beetle sprays incendiary fluid at you.
The burning spray hits you.
You are even more covered in liquid fire!
You shoot an arrow. The arrow hits the bombardier beetle!
You kill the bombardier beetle!
The liquid fire burns you!
You are on fire!
The liquid fire burns you!
You are on fire!
The liquid fire burns you!
You are on fire!
The liquid fire burns you!
You are on fire!
The liquid fire burns you!
You die...

...###### .........
...............
#..............
#..............
#..%..........
###............
#$$@........#
#$_.........+
#$$..|......#
#...........#
##..........########
######.............
########<#####
#...... #..####


There were no monsters in sight!

Vanquished Creatures
  A bullfrog (D:4)
  A scorpion (D:5)
  A bombardier beetle (D:5)
  A hound (D:4)
  An iguana (D:4)
  Jessica (D:2)
  3 gnolls (D:4)
  3 adders
  3 ribbon worms
  3 dart slugs
  4 orcs (D:4)
  6 ball pythons
  4 bats
  7 endoplasms
  2 giant cockroaches (D:4)
  3 goblins
  7 hobgoblins
  5 jackals (D:1)
  4 kobolds
  2 quokkas
  2 frilled lizards
  12 rats
76 creatures vanquished.

Notes
Turn   | Place    | Note
-------+----------+-------------------------------------------
     0 | D:1      | qw the Deep Elf Hunter began the quest for the Orb.
     0 | D:1      | Reached XP level 1. HP: 12/12 MP: 3/3
     0 | D:1      | 0 ||| qw: Version: 0.3-a-155-g5e7d8dd
     0 | D:1      | 0 ||| qw: Game counter: 2451
     0 | D:1      | 0 ||| qw: Melee chars always use a shield: true
     0 | D:1      | 0 ||| qw: God list: Okawaru
     0 | D:1      | 0 ||| qw: Allow faded altars: false
     0 | D:1      | 0 ||| qw: Do Orc after clearing Dungeon:15 true
     0 | D:1      | 0 ||| qw: Do second Lair branch before Depths: true
     0 | D:1      | 0 ||| qw: Lair rune preference: random
     0 | D:1      | 0 ||| qw: Goals: Normal
     0 | D:1      | 0 ||| PLANNING D:1-11
   234 | D:1      | Reached skill level 6 in Ranged Weapons
   234 | D:1      | Reached XP level 2. HP: 12/16 MP: 4/4
   575 | D:1      | Reached XP level 3. HP: 20/20 MP: 5/5
   946 | D:1      | 946 ||| UPGRADING to amulet of faith.
   951 | D:1      | 951 ||| READING scroll labelled XIWNONADEST.
   951 | D:1      | 951 ||| IDENTIFYING scroll labelled AGAUDI JYTUBA
   952 | D:1      | 952 ||| READING 2 scrolls labelled ZEFYFAATIU.
   957 | D:1      | 957 ||| READING 2 scrolls labelled PUAFRUXKUO.
   958 | D:1      | 958 ||| DROPPING scroll of butterflies.
   959 | D:1      | 959 ||| DROPPING scroll of noise.
  1130 | D:2      | Reached skill level 7 in Ranged Weapons
  1225 | D:2      | Found a faded altar of an unknown god.
  1492 | D:2      | Noticed Jessica
  1498 | D:2      | Killed Jessica
  1499 | D:2      | Reached XP level 4. HP: 17/25 MP: 6/6
  1770 | D:2      | 1770 ||| DROPPING ring of flight.
  1771 | D:2      | 1771 ||| READING scroll of identify.
  1771 | D:2      | 1771 ||| IDENTIFYING murky yellow potion
  1772 | D:2      | 1772 ||| READING scroll labelled UNYAZX DOBBUIH.
  1772 | D:2      | 1772 ||| ENCHANTING +0 shortbow.
  1773 | D:2      | 1773 ||| READING scroll labelled ATSYFIE DOPIUSS.
  1819 | D:2      | 1819 ||| READING 2 scrolls labelled JUENLUITIERGH.
  1820 | D:2      | 1820 ||| DROPPING scroll of fog.
  1890 | D:3      | Found Ruchetov's Distillery.
  1898 | D:3      | 1898 ||| SHOPLISTING potion of heal wounds (55 gold, have
                  | 50).
  1898 | D:3      | 1898 ||| BUYING potion of might (44 gold).
  1898 | D:3      | Bought a potion of might for 44 gold pieces
  2028 | D:3      | Reached skill level 8 in Ranged Weapons
  2649 | D:3      | 2649 ||| UPGRADING to +0 pair of boots.
  2654 | D:3      | 2654 ||| UPGRADING to +0 helmet.
  2659 | D:3      | 2659 ||| UPGRADING to +0 ring mail.
  2669 | D:3      | 2669 ||| DROPPING +0 leather armour.
  2670 | D:3      | 2670 ||| UPGRADING to +0 cloak.
  2675 | D:3      | 2675 ||| READING 2 scrolls of enchant armour.
  2675 | D:3      | 2675 ||| ENCHANTING +0 helmet.
  2676 | D:3      | 2676 ||| READING scroll of enchant armour.
  2676 | D:3      | 2676 ||| ENCHANTING +1 helmet.
  2677 | D:3      | 2677 ||| UPGRADING to +5 ring of evasion.
  2678 | D:3      | 2678 ||| READING scroll of identify.
  2678 | D:3      | 2678 ||| IDENTIFYING silvery potion
  2679 | D:3      | 2679 ||| DRINKING 2 ruby potions.
  2733 | D:4      | Reached skill level 1 in Armour
  2733 | D:4      | Reached XP level 5. HP: 20/29 MP: 7/7
  3046 | D:4      | Reached skill level 9 in Ranged Weapons
  3106 | D:4      | Reached XP level 6. HP: 30/35 MP: 8/8
  3352 | D:4      | Found a sparkling altar of Nemelex Xobeh.
  3614 | D:4      | 3614 ||| READING scroll of enchant armour.
  3614 | D:4      | 3614 ||| ENCHANTING +0 pair of boots.
  3721 | D:4      | 3721 ||| READING scroll of identify.
  3721 | D:4      | 3721 ||| IDENTIFYING white potion
  3722 | D:4      | 3722 ||| READING scroll labelled FISUAL ZINLUOPH.
  3823 | D:4      | 3823 ||| READING scroll labelled AKEJYD GIBE.
  3824 | D:4      | 3824 ||| READING 3 scrolls labelled ZUTTOS MEPNE.
  3825 | D:4      | 3825 ||| DROPPING potion of attraction.
  3826 | D:4      | 3826 ||| DROPPING 2 scrolls of poison.
  3828 | D:4      | 3828 ||| Stepping ~*~*~tactically~*~*~ (cloud).
  3959 | D:5      | Entered Level 5 of the Dungeon
  3974 | D:5      | Found an opulent altar of Gozag.
  4000 | D:5      | HP: 8/35 [burnt (4)]
  4001 | D:5      | HP: 3/35 [burnt (6)]
  4002 | D:5      | Incinerated by a bombardier beetle

Levels and vault maps discovered:
D:1:      nagdon_arrival_double_spiral, layout_basic
D:2:      layout_loops_corners, shapermc_ecumenical_altar_venn, uniq_jessica
D:3:      layout_basic, serial_shops, nicolae_shop_tiny_waterfront,
          hangedman_decor_lopped, chequers_serial_rivers_micro_d
D:4:      wad_pebble_path, layout_layer_cave, nemelex_xobeh_ov_fountains_minmay
D:5:      lemuel_ice_spiral_2, layout_basic, nicolae_gozag_seed_capital,
          minmay_temple_entry_gardened_gates

Skill      XL: |  1  2  3  4  5 |
---------------+----------------+-----
Ranged Weapons | 6 7 8 9 |  9.8
Armour         | 1 |  1.1
Fighting       | 2 |  2.0
Dodging        | |  2.4
Stealth        | |  1.2

Action                     |  1- 3 |  4- 6 || total
---------------------------+-------+-------++-------
   Fire: Shortbow          |   100 |   126 ||   226
    Use: Scroll            |     3 |    12 ||    15
         Potion            |       |     1 ||     1
 Armour: Leather armour    |     6 |     9 ||    15
         Ring mail         |       |     9 ||     9
  Dodge: Dodged            |    12 |    43 ||    55

Table legend:
 A = Non-vault XP
 B = Vault XP
 C = Vault XP percentage of total XP
 D = Non-vault monster count
 E = Vault monster count
 F = Vault count percentage of total count
                 A         B        C        D         E       F
            +---------+---------+-------+---------+---------+-------
      Total |     504 |      37 |   6.8 |      75 |       1 |   1.3
            +---------+---------+-------+---------+---------+-------
        D:1 |      48 |       0 |   0.0 |      27 |       0 |   0.0
        D:2 |      49 |      37 |  43.0 |      19 |       1 |   5.0
        D:3 |      28 |       0 |   0.0 |      10 |       0 |   0.0
        D:4 |     253 |       0 |   0.0 |      16 |       0 |   0.0
        D:5 |     126 |       0 |   0.0 |       3 |       0 |   0.0
            +---------+---------+-------+---------+---------+-------
